 Dungeon Crawl Stone Soup version 0.29.1-2-gbd0b4ee654 (webtiles) character file.

Game seed: 6947453055460492651

114 KittyFluff the Cudgeller (level 4, 0/43 HPs)
             Began as a Gargoyle Berserker on Nov 24, 2022.
             Was a Believer of Trog.
             Slain by Eustachio
             ... wielding a +0 rapier
              (5 damage)
             ... on level 4 of the Dungeon.
             The game lasted 00:11:25 (2354 turns).

KittyFluff the Cudgeller (Gargoyle Berserker)       Turns: 2354, Time: 00:11:26

Health: 0/43       AC:  7    Str: 20    XL:     4   Next: 98%
Magic:  4/4        EV: 12    Int:  8    God:    Trog [**....]
Gold:   173        SH:  0    Dex: 11    Spells: 3/3 levels left

rFire   . . .      SeeInvis .   a - +0 mace
rCold   . . .      Faith    .   (no shield)
rNeg    + . .      Spirit   .   b - +0 animal skin
rPois   ∞          Reflect  .   n - +0 helmet
rElec   +          Harm     .   (no cloak)
rCorr   .          Rampage  .   (no gloves)
Will    .....                   (no boots)
Stlth   ..........              (no amulet)
HPRegen 0.14/turn               (no ring)
MPRegen 0.09/turn               (no ring)

@: berserking, very quick
A: sickness immunity, AC +3, negative energy resistance 1, electricity
resistance, torment resistance 1, petrification resistance
a: Renounce Religion, Berserk, Trog's Hand


You were on level 4 of the Dungeon.
You worshipped Trog.
Trog was pleased with you.
You visited 1 branch of the dungeon, and saw 4 of its levels.

You collected 173 gold pieces.

Inventory:

Hand Weapons
 a - a +0 mace (weapon)
Missiles
 g - 4 atropa-tipped darts (quivered)
Armour
 b - a +0 animal skin (worn)
 m - a +0 leather armour
 n - a +0 helmet (worn)
Scrolls
 c - a scroll of magic mapping {unknown}
 e - a scroll of brand weapon {unknown}
 f - a scroll of blinking
 h - a scroll of teleportation {unknown}
 l - a scroll of fear {unknown}
 o - a scroll of torment {unknown}
Potions
 d - 2 potions of lignification
 i - 3 potions of invisibility
 j - 3 potions of might
 k - 2 potions of curing


   Skills:
 + Level 4.0 Fighting
 + Level 4.1 Maces & Flails
 * Level 3.1 Armour
 + Level 2.0 Dodging
 + Level 0.9 Stealth


You had 3 spell levels left.
You didn't know any spells.
Your spell library was empty.

Dungeon Overview and Level Annotations

Branches:
Dungeon (4/15)
 Temple: D:4-7

Altars:
Zin

Annotations:
D:1 1 transporter
D:4 Eustachio


Innate Abilities, Weirdness & Mutations

You are immune to sickness and miasma.
Your stone body is resilient. (AC +3)
You are immune to poison.
You resist negative energy. (rN+)
You are resistant to electric shocks. (rElec)
You are resistant to unholy torment.
You are immune to petrification.


Message History

The orc hits you with a +0 club.
The shadow imp sputters.
The shadow imp hits you.
You completely miss the shadow imp.
The shadow imp is heavily wounded.
The orc misses you. The shadow imp misses you.
The white imp grins evilly.
Eustachio gestures wildly while chanting.
Eustachio blinks!
You hit the shadow imp.
You kill the shadow imp!
The shadow imp disappears in a puff of smoke!
The orc hits you with a +0 club.
You barely miss the white imp. The orc hits you but does no damage.
The white imp closely misses you. The orc hits you but does no damage.
The white imp gestures at you. The puff of frost misses you.
The orc hits you but does no damage.
You thump the orc!
You kill the orc!
Trog accepts your kill. The white imp barely misses you.
The white imp gestures at you. The puff of frost hits you!
* * * LOW HITPOINT WARNING * * *
A red film seems to cover your vision as you go berserk!
You feel yourself moving faster!
You feel mighty! Eustachio completely misses you.
Eustachio hits you with a +0 rapier.
* * * LOW HITPOINT WARNING * * *
The white imp hits you but does no damage.
You hit Eustachio.
Eustachio is lightly wounded.
Eustachio barely misses you.
You hit Eustachio.
Eustachio is moderately wounded.
The white imp barely misses you. Eustachio hits you with a +0 rapier.
* * * LOW HITPOINT WARNING * * *
You closely miss Eustachio.
Eustachio is moderately wounded.
Eustachio hits you with a +0 rapier.
You die...

.........###.######
@...##......r.....#
...........#.####.#
...##.<.###.#
.........# #.#
..........##.#
..........##b#
..........##5#####
.........5@@.....#
#....#.....)...#.#
.....#.........#
#.........#
#..#......#
#..#......# #.
#......# # #......#
#.......


You could see Eustachio (fast), a white imp (summoned), a shadow imp (summoned),
a bat (summoned) and a rat (summoned).

Vanquished Creatures
  Robin (D:3)
  3 adders
  An ufetubus (D:3)
  2 worms
  2 dart slugs (D:2)
  2 orcs
  5 endoplasms
  A giant cockroach (D:2)
  18 goblins
  5 hobgoblins
  2 kobolds
  A quokka (D:3)
  4 ball pythons
  4 bats
  3 frilled lizards
  2 rats (D:1)
56 creatures vanquished.

Vanquished Creatures (others)
  A fungus (D:3)
  A plant (D:3)
2 creatures vanquished.

Grand Total: 58 creatures vanquished

Notes
Turn   | Place    | Note
-------+----------+-------------------------------------------
     0 | D:1      | KittyFluff the Gargoyle Berserker began the quest for the
                  | Orb.
     0 | D:1      | Reached XP level 1. HP: 14/14 MP: 1/1
   374 | D:1      | Reached XP level 2. HP: 19/19 MP: 2/2
   735 | D:2      | Reached XP level 3. HP: 12/24 MP: 3/3
  1424 | D:2      | Reached ** piety under Trog
  1576 | D:3      | Found a glowing silver altar of Zin.
  1581 | D:3      | Reached XP level 4. HP: 27/29 MP: 4/4
  1614 | D:3      | Noticed Robin
  1625 | D:3      | Killed Robin
  1815 | D:3      | Found a faded altar of an unknown god.
  2307 | D:4      | Noticed Eustachio
  2354 | D:4      | Slain by Eustachio

Illustrated notes

Levels and vault maps discovered:
D:1:      spicycebolla_arrival_transporter_tutorial, layout_basic,
          minmay_stone_trees_medium
D:2:      layout_loops_ring
D:3:      layout_loops_ring, zin_academy, shapermc_ecumenical_altar_rom_forum,
          kennysheep_generic_room_8, uniq_robin
D:4:      minmay_opposing_rooms, layout_basic,
          nicolae_wu_jian_immortal_techniques, mainiacjoe_overflow_catwalk,
          minmay_temple_entry_trees, gammafunk_ghost_grave, enter_ossuary_3,
          uniq_eustachio, uniq_pikel

Skill      XL: |  1  2  3  4 |
---------------+-------------+-----
Dodging        | 2 |  2.0
Fighting       | 4 |  4.0
Maces & Flails | 4 |  4.1
Armour         | 3 |  3.1
Stealth        | |  0.9

Action                   |  1- 3 |  4- 6 || total
-------------------------+-------+-------++-------
Melee: Mace              |    83 |    68 ||   151
       Punch             |       |     1 ||     1
Invok: Berserk           |       |     2 ||     2
  Use: Scroll            |     1 |     4 ||     5
 Stab: Sleeping          |     1 |       ||     1
Armor: Animal skin       |    25 |    22 ||    47
Dodge: Dodged            |    51 |    54 ||   105
